AoeStats
← sevi85

Yucatan

503409625Analyzed
4v4 RM · 1mo ago on Aug 31, 2026· 70m 10s· 8 players
Game mode
Random Map
Map size
Large (8 player)
Population
200
Speed
Normal
Resources
Standard
Victory
Conquest
Starting age
Dark Age
Ending age
Imperial Age
RankedLock teamsTeams togetherTeam positionsShared explorationLock speedFull tech treeHidden civsTurbo modeCheats
Victory
Defeat
🇨🇳 Khmer · China
1227
+10
🇨🇳 Persians · China
1218
+10
🇨🇳 Persians · China
1212
+11
🇮🇳 Celts · India
1017
+19
🇻🇳 Byzantines · Vietnam
1137
-15
🇪🇸 Bulgarians · Spain
1088
-12
🇨🇱 Sicilians · Chile
1088
-12
🇨🇳 Inca · China
1040
-10
belen_dhv
8:36 Loom
14:20 Feudal Age
19:21 Castle Age
18:45 Double-Bit Axe
18:41 Horse Collar
18:53 Gold Mining
18:53 Stone Mining
21:23 Wheelbarrow
21:28 Forging
21:18 Scale Mail Armor
47:40 Hand Cart
48:52 Bow Saw
48:43 Heavy Plow
50:27 Gold Shaft Mining
50:27 Stone Shaft Mining
53:31 Imperial Age
54:00 Capped Ram
55:55 Iron Casting
55:20 Scale Mail Armor
56:57 Chain Mail Armor
57:42 Blast Furnace
58:48 Blast Furnace
58:29 Siege Ram
60:18 Plate Mail Armor
64:13 Hauberk
64:29 Conscription
63:30 Elite Serjeant
65:28 Pikeman
sevi85
12:18 Feudal Age
10:38 Loom
12:23 Feudal Age
17:17 Castle Age
16:34 Double-Bit Axe
18:19 Scale Barding Armor
18:41 Husbandry
22:07 Wheelbarrow
21:18 Town Watch
22:50 Horse Collar
26:34 Stone Mining
32:04 Bow Saw
31:58 Heavy Plow
33:08 Bloodlines
33:05 Gold Mining
35:16 Gold Shaft Mining
35:51 Forging
36:04 Chain Barding Armor
36:42 Town Patrol
39:56 Fervor
41:41 Iron Casting
43:48 Imperial Age
43:46 Redemption
43:57 Cavalier
44:11 Light Cavalry
45:51 Hussar
47:22 Hand Cart
48:19 Blast Furnace
48:09 Pikeman
48:51 Squires
48:41 Arson
48:43 Gambesons
50:11 Plate Barding Armor
52:15 Conscription
52:15 Stirrups
52:17 Halberdier
53:00 Fletching
53:43 Scale Mail Armor
55:02 Stone Shaft Mining
55:04 Chain Mail Armor
54:11 Onager
57:09 Plate Mail Armor
62:49 Crop Rotation
Phu Thuy
7:42 Loom
29:38 Feudal Age
30:08 Double-Bit Axe
30:05 Fishing Lines
33:03 Wheelbarrow
35:33 Castle Age
36:43 Hand Cart
41:46 Imperial Age
39:29 Bow Saw
44:04 Chemistry
43:45 Onager
48:30 Fletching
49:03 Bodkin Arrow
49:11 Gold Mining
49:53 Bombard Tower
49:15 Treadmill Crane
49:56 Ballistics
49:49 Fortified Wall
49:38 Murder Holes
60:15 Greek Fire
高大爷
10:20 Feudal Age
12:26 Champi Runner
14:12 Forging
20:33 Castle Age
18:39 Scale Mail Armor
21:24 Double-Bit Axe
26:53 Champi Warrior
28:12 Iron Casting
27:54 Chain Mail Armor
30:51 Bow Saw
36:24 Imperial Age
34:25 Squires
34:11 Arson
39:50 Illumination
40:07 Wheelbarrow
40:24 Block Printing
41:29 Pikeman
43:22 Sanctity
43:40 Theocracy
43:10 Halberdier
48:19 Plate Mail Armor
48:50 Blast Furnace
50:37 Horse Collar
50:48 Gold Mining
50:48 Stone Mining
54:00 Conscription
53:44 Fletching
53:54 Padded Archer Armor
53:32 Elite Kamayuk
dushyanthkuthati
0:47 Loom
13:35 Feudal Age
15:16 Wheelbarrow
18:02 Castle Age
16:24 Double-Bit Axe
16:30 Gold Mining
19:23 Hand Cart
29:14 Horse Collar
35:34 Imperial Age
35:40 Capped Ram
39:14 Bow Saw
39:54 Siege Ram
44:14 Chemistry
45:31 Town Watch
49:43 Ballistics
49:28 Siege Engineers
49:16 Treadmill Crane
51:41 Heavy Plow
55:00 Forging
54:50 Scale Mail Armor
55:00 Forging
54:50 Scale Mail Armor
55:00 Forging
57:14 Iron Casting
56:54 Chain Mail Armor
57:14 Iron Casting
56:54 Chain Mail Armor
57:33 Heavy Scorpion
60:49 Masonry
61:17 Hoardings
65:40 Onager
一梦千年
6:17 Loom
11:21 Feudal Age
17:48 Castle Age
18:01 Double-Bit Axe
18:00 Horse Collar
21:07 Heavy Plow
21:18 Bow Saw
25:09 Wheelbarrow
31:54 Imperial Age
29:37 Forging
29:32 Scale Barding Armor
29:28 Stone Mining
29:29 Gold Mining
31:25 Iron Casting
32:19 Chain Barding Armor
33:11 Conscription
34:28 Crop Rotation
34:35 Plate Barding Armor
35:01 Blast Furnace
35:42 Chemistry
35:03 Ballistics
34:38 Murder Holes
34:54 Masonry
35:07 Elite War Elephant
37:18 Stone Shaft Mining
38:12 Hand Cart
37:43 Town Watch
38:46 Scale Mail Armor
38:25 Light Cavalry
39:16 Bloodlines
39:06 Husbandry
39:53 Hussar
43:47 Cavalier
44:56 Savar
47:22 Gold Shaft Mining
班长
4:45 Loom
13:17 Feudal Age
15:53 Bloodlines
19:45 Castle Age
22:35 Husbandry
28:57 Double-Bit Axe
39:01 Light Cavalry
40:42 Scale Barding Armor
42:28 Chain Barding Armor
43:06 Horse Collar
43:45 Bow Saw
49:18 Fletching
49:29 Padded Archer Armor
50:09 Wheelbarrow
49:54 Elite Skirmisher
51:06 Bodkin Arrow
51:28 Forging
51:26 Heavy Plow
53:34 Leather Archer Armor
56:26 Ballistics
62:48 Iron Casting
63:20 Gold Mining
67:07 Imperial Age
66:28 Hand Cart
65:59 Town Watch
68:29 Plate Barding Armor
68:54 Blast Furnace
67:31 Capped Ram
68:28 Siege Ram
买麻衣也用劵
5:09 Loom
67:31 Feudal Age
Connection lost

Rejoining the realm…

Still unreachable

The connection could not be restored.

Session expired

The server has moved on; the page needs a fresh start.